 Dungeon Crawl Stone Soup version 0.20-a0-800-g4a616ed (webtiles) character file.

3502 Laan the Cleaver (level 10, 0/74 HPs)
             Began as a Formicid Fighter on Mar 2, 2017.
             Was a Believer of Makhleb.
             Slain by a killer bee (1 damage)
             ... on level 7 of the Dungeon.
             The game lasted 00:13:43 (6432 turns).

Laan the Cleaver (Formicid Fighter)                 Turns: 6432, Time: 00:13:44

Health: 0/74       AC: 11    Str: 21    XL:     10   Next: 28%
Magic:  0/10       EV:  6    Int: 11    God:    Makhleb [**....]
Gold:   380        SH: 10    Dex: 10    Spells: 9/9 levels left

rFire    . . .     SeeInvis +   a - +1 war axe
rCold    + . .     Gourm    +   C - +0 chain mail
rNeg     + . .     Faith    .   c - +0 shield
rPois    .         Spirit   +   (helmet unavailable)
rElec    .         Reflect  .   v - scarf {Spirit}
rCorr    .         Harm     .   z - +0 pair of gloves
MR       +....                  (no boots)
Stlth    ..........             y - amulet of the gourmand
Regen    0.3/turn               F - ring of positive energy
MPRegen  0.2/turn               L - ring of protection from cold

@: no status effects
A: permanent stasis, dig shafts and tunnels, four strong arms, antennae 3
a: Dig, Shaft Self, Minor Destruction, Renounce Religion


You were on level 7 of the Dungeon.
You worshipped Makhleb.
Makhleb was pleased with you.
You were completely stuffed.

You visited 2 branches of the dungeon, and saw 9 of its levels.

You collected 380 gold pieces.

Inventory:

Hand Weapons
 a - a +1 war axe (weapon)
Missiles
 k - 3 javelins (quivered)
Armour
 b - a +0 scale mail
 c - a +0 shield (worn)
 v - a scarf of spirit shield (worn)
 z - a +0 pair of gloves (worn)
 C - a +0 chain mail (worn)
 O - the +0 chain mail of the Saviour {*Slow rElec rF+ rN+}
   (You found it on level 7 of the Dungeon)

   It protects you from fire.
   It insulates you from electricity.
   It protects you from negative energy.
   It may slow you when you take damage.
Jewellery
 h - an uncursed ring of magical power
 y - an amulet of the gourmand (around neck)
 F - a ring of positive energy (right hand)
 L - a ring of protection from cold (left hand)
Wands
 u - a wand of iceblast (9/15)
 D - a wand of confusion (9/48)
 E - a wand of iceblast (10/15)
 H - a wand of clouds (7/9)
 K - a wand of polymorph (15/24)
Scrolls
 g - a scroll of enchant weapon
 i - a scroll of amnesia {unknown}
 j - 6 scrolls of identify
 n - a scroll of blinking {unknown}
 p - a scroll of enchant armour {unknown}
 q - a scroll of random uselessness {unknown}
 s - 2 scrolls of fear
 t - a scroll of magic mapping {unknown}
 w - a scroll of fog {unknown}
 A - a scroll of recharging
 G - a scroll of immolation {unknown}
 P - a scroll of noise {unknown}
Potions
 d - a potion of might
 o - a potion of brilliance {unknown}
 r - 2 potions of magic {unknown}
 x - 2 potions of cancellation {unknown}
 B - a potion of mutation {unknown}
 J - 2 potions of flight {unknown}
 M - a potion of invisibility {unknown}
Books
 l - a book of Misfortune

   Spells                             Type                      Level
   a - Confusing Touch                Hexes                        1
   b - Confuse                        Hexes                        3
   c - Gell's Gravitas                Translocation                3
   d - Petrify                        Transmutation/Earth          4
   e - Metabolic Englaciation         Hexes/Ice                    5
   f - Yara's Violent Unravelling     Hexes/Transmutation          5
 m - a book of Changes

   Spells                             Type                      Level
   a - Beastly Appendage              Transmutation                1
   b - Sticks to Snakes               Transmutation                2
   c - Spider Form                    Transmutation/Poison         3
   d - Ice Form                       Ice/Transmutation            4
   e - Blade Hands                    Transmutation                5
 R - a book of Geomancy

   Spells                             Type                      Level
   a - Sandblast                      Earth                        1
   b - Passwall                       Transmutation/Earth          2
   c - Stone Arrow                    Conjuration/Earth            3
   d - Petrify                        Transmutation/Earth          4
   e - Lee's Rapid Deconstruction     Earth                        5
Comestibles
 f - 6 bread rations
 I - 2 meat rations
 Q - a royal jelly


   Skills:
 + Level 5.0 Fighting
 + Level 12.5 Axes
 + Level 4.9 Armour
 + Level 5.3 Shields


You had 9 spell levels left.
You didn't know any spells.

Dungeon Overview and Level Annotations

Branches:
Dungeon (8/15)             Temple (1/1) D:7
   Lair: D:8-11

Altars:
Ashenzari
Cheibriados
Dithmenos
Elyvilon
Gozag
Kikubaaqudgha
Makhleb
Nemelex Xobeh
Qazlal
Ru
Sif Muna
Trog
Uskayaw
Vehumet
Yredelemnul

Shops:
D:3 *


Innate Abilities, Weirdness & Mutations

You cannot be hasted, slowed, berserked, paralysed or teleported.
You can dig through walls and to a lower floor.
Your four strong arms can wield two-handed weapons with a shield.
You have a pair of large antennae on your head. (SInv)


Message History

You feel better. The killer bee closely misses you.
You block the killer bee's attack.
The killer bee stings you but does no damage.
You slash the killer bee!
The killer bee is almost dead.
The killer bee stings you!
* * * LOW HITPOINT WARNING * * *
You block the killer bee's attack.
You miss the killer bee.
The killer bee is almost dead.
The killer bee stings you.
* * * LOW HITPOINT WARNING * * *
The killer bee stings you.
* * * LOW HITPOINT WARNING * * *
The killer bee stings you!
* * * LOW HITPOINT WARNING * * *
You closely miss the killer bee.
The killer bee is almost dead.
The killer bee barely misses you. x2; The killer bee stings you.
You die...

..........?........##.###
....#.##..........##..#
####..###...#....###.##
##...## ##.#..#####..#
...### ###.#######..##
#### #.........#.##
#...........#
#..........##
#........@## #........y#
#.........# #.........#
#.........# #.........#
#.........# ###########


You could see a killer bee (berserk).

Vanquished Creatures
  Pikel (D:5)
  The ghost of M4edhros the Covert, a novice OpAr of Xom (D:8)
  Grinder (D:4)
  Menkaure (D:4)
  A water moccasin (D:6)
  Duvessa (D:5)
  An orc warrior (D:7)
  An ogre (D:4)
  2 sky beasts (D:5)
  A necrophage (D:8)
  A black bear (D:7)
  A centaur (D:6)
  2 bullfrogs
  Blork the orc (D:4)
  Dowan (D:5)
  A scorpion (D:5)
  8 killer bees (D:8)
  A howler monkey (D:8)
  A crimson imp (D:6)
  A centaur zombie (D:8)
  An orc priest (D:7)
  2 hounds
  4 orc wizards
  2 bullfrog skeletons (D:5)
  6 iguanas
  7 worker ants
  A killer bee zombie (D:6)
  A hound skeleton (D:7)
  A howler monkey skeleton (D:8)
  4 adders
  2 shadow imps
  An adder skeleton (D:7)
  2 worms
  4 dart slugs
  2 leopard geckos
  24 orcs
  3 giant cockroaches
  10 hobgoblins
  16 jackals
  A quokka (D:3)
  A ball python (D:2)
  4 bats
  4 frilled lizards
  12 goblins
  2 kobolds (D:2)
  A quokka skeleton (D:8)
  6 rats
153 creatures vanquished.

Vanquished Creatures (collateral kills)
  A killer bee (D:8)
1 creature vanquished.

Vanquished Creatures (others)
  A killer bee (D:8)
  3 jackals (D:5)
4 creatures vanquished.

Grand Total: 158 creatures vanquished

Notes
Turn   | Place    | Note
-------+----------+-------------------------------------------
     0 | D:1      | Laan the Formicid Fighter began the quest for the Orb.
     0 | D:1      | Reached XP level 1. HP: 18/18 MP: 1/1
   245 | D:1      | Reached XP level 2. HP: 24/24 MP: 2/2
   549 | D:2      | Reached skill level 3 in Axes
   687 | D:2      | Reached XP level 3. HP: 29/29 MP: 3/3
   988 | D:2      | Reached skill level 4 in Axes
   988 | D:2      | Reached XP level 4. HP: 33/35 MP: 4/4
  1452 | D:3      | Found a snail-covered altar of Cheibriados.
  1454 | D:3      | Found a deep blue altar of Sif Muna.
  1456 | D:3      | Found a white marble altar of Elyvilon.
  1457 | D:3      | Found a shattered altar of Ashenzari.
  1457 | D:3      | Found a shadowy altar of Dithmenos.
  1457 | D:3      | Found a radiant altar of Vehumet.
  1750 | D:3      | Found Gozag's Platinum Reserve.
  1850 | D:3      | Found an opulent altar of Gozag.
  2433 | D:3      | Reached XP level 5. HP: 30/41 MP: 3/5
  2526 | D:4      | Noticed Menkaure
  2532 | D:4      | Killed Menkaure
  2532 | D:4      | Reached skill level 6 in Axes
  2532 | D:4      | Reached XP level 6. HP: 23/47 MP: 2/6
  2729 | D:4      | Noticed Grinder
  2746 | D:4      | Killed Grinder
  2746 | D:4      | Reached skill level 7 in Axes
  2746 | D:4      | Reached XP level 7. HP: 35/52 MP: 4/7
  2878 | D:4      | Noticed Blork the orc
  2882 | D:4      | Killed Blork the orc
  3239 | D:4      | You fall through a shaft for 3 floors!
  3239 | D:7      | Found a staircase to the Ecumenical Temple.
  3247 | Temple   | Entered the Ecumenical Temple
  3283 | Temple   | Became a worshipper of Makhleb the Destroyer
  3351 | D:5      | Entered Level 5 of the Dungeon
  3351 | D:5      | Noticed Duvessa
  3351 | D:5      | Noticed Dowan
  3357 | D:5      | Killed Duvessa
  3357 | D:5      | Reached skill level 8 in Axes
  3358 | D:5      | Killed Dowan
  3481 | D:4      | Reached XP level 8. HP: 46/58 MP: 5/8
  4074 | D:5      | Reached skill level 9 in Axes
  4085 | D:5      | Noticed Pikel
  4116 | D:5      | Killed Pikel
  4116 | D:5      | Reached skill level 10 in Axes
  4116 | D:5      | Reached XP level 9. HP: 35/64 MP: 7/9
  4434 | D:5      | Reached skill level 11 in Axes
  4719 | D:5      | Found a sacrificial altar of Ru.
  5392 | D:7      | Reached * piety under Makhleb
  5402 | D:7      | Reached skill level 12 in Axes
  5753 | D:7      | Found a basalt altar of Yredelemnul.
  5818 | D:7      | Found a sparkling altar of Nemelex Xobeh.
  5832 | D:7      | Got a distressingly furry chain mail
  5833 | D:7      | Identified the +0 chain mail of the Saviour {*Slow rElec rF+ rN+} (You found it on level 7 of the Dungeon)
  6054 | D:8      | Found a snail-covered altar of Cheibriados.
  6119 | D:8      | Reached XP level 10. HP: 71/71 MP: 10/10
  6120 | D:8      | Noticed M4edhros's ghost (novice OpAr)
  6175 | D:8      | Killed M4edhros's ghost
  6175 | D:8      | Reached ** piety under Makhleb
  6210 | D:8      | Reached skill level 5 in Shields
  6265 | D:8      | Reached skill level 5 in Fighting
  6431 | D:7      | HP: 1/74 [killer bee (7)]
  6432 | D:7      | Slain by a killer bee

Vault maps used:
D:1:      dpeg_arrival_boxorama
D:2:      cheibrodos_greedy_goblins, first_bread
D:3:      minmay_diamond_boxcup, grunt_temple_overflow_open,
          nicolae_gozag_zags_fifth_avenue
D:4:      uniq_blork_the_orc, uniq_menkaure, uniq_grinder
D:5:      nicolae_ru_path_of_blood, uniq_pikel, uniq_duvessa, uniq_edmund
D:6:      lightli_corner_chamber
D:7:      marbit_many_paths, minmay_temple_entry_enclosed_plants, basic_altar
D:8:      amethyst_overflow_temple_binary, serial_glass, glass_columns_c,
          glass_columns_c, david_nohive_1, minmay_crystal_room,
          cheibriados_altar_1
Temple:   cyrus_temple_forest

Skill      XL: |  1  2  3  4  5  6  7  8  9 10 |
---------------+-------------------------------+-----
Axes           | 3 4 6 7 8 10 12 | 12.5
Shields        | 4 5 |  5.3
Fighting       | 4 5 |  5.0
Armour         | 4 |  4.9

Action                   |  1- 3 |  4- 6 |  7- 9 | 10-12 || total
-------------------------+-------+-------+-------+-------++-------
Melee: War axe           |    95 |   120 |   318 |    87 ||   620
Throw: Javelin           |       |       |       |     2 ||     2
Evoke: Wand              |       |       |       |     9 ||     9
  Use: Scroll            |       |       |     9 |     1 ||    10
       Potion            |       |       |     4 |     4 ||     8
  Eat: Chunk             |       |     6 |    33 |     1 ||    40
Armor: Scale mail        |    45 |    42 |     1 |       ||    88
       Chain mail        |       |       |   145 |    48 ||   193
Dodge: Dodged            |    31 |    41 |    63 |    24 ||   159
Block: Shield            |    50 |    65 |   124 |    48 ||   287
